 Dungeon Crawl Stone Soup version 0.19.1 (webtiles) character file.

53 CanadianGator the Bolt Thrower (level 4, 0/27 HPs)
             Began as a Kobold Hunter on Dec 7, 2016.
             Slain by a goblin
             ... wielding a +0 club
              (4 damage)
             ... on level 2 of the Dungeon.
             The game lasted 00:02:42 (756 turns).

CanadianGator the Bolt Thrower (Kobold Hunter)       Turns: 756, Time: 00:02:42

Health: 0/27       AC:  2    Str:  8 (9)  XL:     4   Next: 10%
Magic:  4/4        EV: 15    Int: 10 (12) God:
Gold:   104        SH:  0    Dex: 13 (16) Spells: 0 memorised, 3 levels left

rFire  . . .     SeeInvis .     i - +0 dagger (venom)
rCold  . . .     Gourm    .     e - +0 robe (curse)
rNeg   . . .     Faith    .     (shield restricted)
rPois  .         Spirit   .     (no helmet)
rElec  .         Reflect  .     (no cloak)
rCorr  .         Harm     .     (no gloves)
MR     .....                    (no boots)
Stlth  ++........               (no amulet)
                                (no ring)
                                (no ring)

@: invisible
A: carnivore 3
a: no special abilities


You were on level 2 of the Dungeon.
You were completely stuffed.

You visited 1 branch of the dungeon, and saw 2 of its levels.

You collected 104 gold pieces.

Inventory:

Hand Weapons
 a - a +1 hand crossbow
 b - a +0 short sword
 i - a +0 dagger of venom (weapon)
Missiles
 d - 17 bolts
Armour
 c - a +0 leather armour
 e - a cursed +0 robe (worn)
Scrolls
 j - a scroll of enchant weapon {unknown}
 k - a scroll of noise {unknown}
 l - a scroll of fog {unknown}
Comestibles
 f - 2 meat rations


   Skills:
 + Level 2.5 Fighting
 * Level 1.8 Short Blades
 + Level 5.0 Crossbows
 + Level 0.1 Armour
 * Level 3.2 Dodging
 * Level 2.9 Stealth


You had 3 spell levels left.
You didn't know any spells.

Dungeon Overview and Level Annotations

Branches:
Dungeon (1/15)

Altars:

Annotations:
D:2 Ijyb


Innate Abilities, Weirdness & Mutations

You are small and have problems with some larger weapons.
You are carnivorous and can eat meat at any time.


Message History

The goblin hits you but does no damage. Ijyb hits you. The goblin hits you.
The goblin hits you but does no damage.
You closely miss Ijyb.
Ijyb is lightly wounded.
Ijyb misses you. The goblin barely misses you. The goblin hits you with a club.
* * * LOW HITPOINT WARNING * * *
You are too injured to fight recklessly!
You are too injured to fight recklessly!
The goblin hits you with a club.
* * * LOW HITPOINT WARNING * * *
It was a potion of cancellation.
You feel magically purged.
It was a potion of degeneration.
There was something very wrong with that liquid.
You feel weakened.
You feel dopey.
You feel clumsy. The goblin barely misses you. The goblin hits you with a club.
* * * LOW HITPOINT WARNING * * *
It was a potion of invisibility.
You fade into invisibility!
The goblin barely misses you. The goblin hits you with a club.
You die...

.##†...##########.........#.#
#.#
..........†.................#
#.#
##################.)##.#####
#.# + ........>........# #.#
# ############..##.###.# #.#
# .................# #.# #.#
# [...#####.#.#.######.# #.#
# ........gg#..).......####.#
# ........gg@...............#
# #8.....8##.#.#############
#....)).#...........
#8.....8#..#.#######
#.......#..#.# #8.....8#..#.#
#.......#..#.# #8.....8# .#.#
#.......# #.#


You could see Ijyb and 3 goblins.

Vanquished Creatures
  A gnoll (D:2)
  An adder (D:2)
  An ooze (D:2)
  3 leopard geckos
  2 giant cockroaches
  7 goblins
  2 jackals (D:2)
  5 bats
  2 frilled lizards
  3 kobolds
  A rat (D:1)
28 creatures vanquished.

Notes
Turn   | Place    | Note
-------+----------+-------------------------------------------
     0 | D:1      | CanadianGator the Kobold Hunter began the quest for the Orb.
     0 | D:1      | Reached XP level 1. HP: 12/12 MP: 1/1
   283 | D:1      | Reached XP level 2. HP: 14/17 MP: 2/2
   379 | D:1      | You fall through a shaft!
   465 | D:2      | Reached skill level 5 in Crossbows
   512 | D:2      | Reached skill level 1 in Short Blades
   512 | D:2      | Reached XP level 3. HP: 22/22 MP: 3/3
   662 | D:2      | Reached XP level 4. HP: 11/27 MP: 4/4
   740 | D:2      | Noticed Ijyb
   756 | D:2      | Slain by a goblin

Skill      XL: |  1  2  3 |
---------------+----------+-----
Stealth        | 2 |  2.9
Crossbows      | 5 |  5.0
Short Blades   | 1 |  1.8
Dodging        | 3 |  3.2
Fighting       | |  2.5
Armour         | |  0.1

Action                   |  1- 3 |  4- 6 || total
-------------------------+-------+-------++-------
Melee: Dagger            |    33 |    15 ||    48
 Fire: Hand crossbow     |    28 |       ||    28
  Use: Potion            |       |     3 ||     3
  Eat: Chunk             |     7 |     1 ||     8
Armor: Robe              |     6 |     2 ||     8
Dodge: Dodged            |    34 |    18 ||    52
